Map: Disco Bloodbath LE

Players

SpeCial - Winner!

  • Race: Terran Terran
  • Spawn Location: 9:00

Stephano

  • Race: Zerg Zerg
  • Spawn Location: 3:00

VOD

Have the link to the VOD?

Description

Time

  • Played on: Sept. 8, 2019, 9:42 a.m.
  • Length: 13:10
Show
View Real Time Build Order
Export as new Build Order

SpeCial Terran - Winner!

Build Orders: Hellion Opening, Reaper Expand 

Get SALT Encoding   

  12  0:00  SCV  
  13  0:12  SCV  
  14  0:16  Supply Depot  
  14  0:25  SCV  
  15  0:38  SCV  
  15  0:40  Barracks  
  15  0:42  Refinery  
  16  0:50  SCV  
  17  1:02  SCV  
  18  1:14  SCV  
  19  1:28  Orbital Command, Reaper  
  20  1:37  Command Center  
  20  1:46  Supply Depot  
  20  1:53  SCV  
  21  1:59  Marine  
  22  2:03  Factory  
  22  2:05  SCV  
  23  2:10  Refinery  
  23  2:18  SCV  
  23  2:22  Barracks Reactor  
  24  2:30  SCV  
  25  2:42  SCV  
  26  2:48  Starport  
  26  2:50  Orbital Command  
  26  2:54  SCV  
  27  3:03  Hellion x2  
  31  3:06  SCV  
  31  3:08  Barracks Tech Lab  
  32  3:17  Supply Depot  
  32  3:18  SCV  
  32  3:19  SCV  
  34  3:24  Hellion x2  
  38  3:30  SCV  
  38  3:31  SCV, Raven  
  38  3:32  Marine  
  43  3:41  Supply Depot  
  43  3:42  SCV  
  43  3:43  SCV  
  43  3:46  Hellion x2  
  49  3:54  SCV  
  49  3:55  SCV  
  51  3:57  Barracks Tech Lab  
  51  4:06  Command Center  
  51  4:07  SCV x2  
  53  4:12  Hellion  
  53  4:15  Supply Depot  
  53  4:16  Hellion  
  57  4:18  Raven  
  59  4:25  SCV x2  
  59  4:28  Marine  
  62  4:31  Stimpack  
  62  4:37  SCV x2  
  64  4:46  Supply Depot  
  64  4:50  Marine  
  64  4:51  SCV  
  64  4:52  SCV, Factory Reactor  
  67  4:53  Barracks  
  67  4:55  Barracks  
  67  5:04  SCV x2  
  69  5:07  Engineering Bay x2  
  69  5:08  Marine  
  69  5:13  Refinery x2  
  70  5:15  Starport Reactor  
  70  5:16  SCV x2  
  72  5:25  Marine  
  72  5:28  SCV x2  
  75  5:40  SCV x2  
  75  5:43  Marine, Orbital Command  
  75  5:48  Barracks, Terran Infantry Armor Level 1, Terran Infantry Weapons Level 1  
  75  5:49  Barracks  
  76  5:51  Marine x4  
  76  5:54  Medivac  
  76  5:55  Medivac  
  84  5:59  SCV x2  
  84  6:01  Marine  
  85  6:04  Siege Tank  
  85  6:08  Orbital Command  
  85  6:09  Marine x2  
  90  6:13  Marine x2  
  90  6:16  Combat Shield, Supply Depot x2  
  90  6:18  SCV  
  93  6:22  Marine, SCV  
  95  6:27  Marine x2  
  95  6:30  SCV, Medivac  
  95  6:31  Marine  
  101  6:37  Marine, SCV x2  
  101  6:38  Barracks Reactor  
  101  6:39  Barracks Reactor  
  104  6:40  Marine  
  104  6:42  SCV  
  104  6:44  Marine  
  104  6:45  Marine, Armory  
  108  6:48  Marine  
  108  6:49  SCV x2  
  108  6:51  Medivac  
  114  6:54  SCV  
  114  6:57  Marine  
  114  6:58  Marine, Supply Depot  
  116  7:01  SCV  
  117  7:09  Marine  
  117  7:10  SCV x2  
  117  7:11  Marine  
  117  7:14  Marine  
  101  7:16  Marine x5  
  101  7:17  Marine  
  101  7:18  SCV  
  101  7:20  Factory, Refinery  
  101  7:21  Medivac x2  
  101  7:22  SCV  
  113  7:27  Marine  
  113  7:28  SCV  
  113  7:29  Marine  
  116  7:30  SCV  
  116  7:32  Marine, Supply Depot  
  116  7:33  Supply Depot  
  116  7:34  Marine x6  
  124  7:45  Marine  
  125  7:51  Marine  
  125  7:54  Marine x2, Siege Tank  
  122  8:03  Marine  
  122  8:04  Marine  
  118  8:08  Terran Infantry Armor Level 2, Terran Infantry Weapons Level 2  
  118  8:10  Marine x5  
  118  8:11  Marine  
  118  8:12  Factory Reactor  
  124  8:13  Command Center  
  124  8:15  Marine  
  125  8:21  Marine  
  125  8:22  Marine  
  125  8:26  Siege Tank  
  130  8:27  Marine x2  
  130  8:28  Marine x3  
  130  8:29  Marine, Drilling Claws  
  130  8:33  Marine  
  137  8:38  Marine  
  137  8:40  Marine, Supply Depot  
  139  8:42  Supply Depot  
  139  8:44  Sensor Tower  
  139  8:45  Marine, Liberator, SCV  
  141  9:00  Marine x2  
  141  9:01  Marine x5  
  141  9:02  Siege Tank, Marauder  
  140  9:03  Marine  
  140  9:06  SCV  
  140  9:07  SCV  
  140  9:08  SCV  
  129  9:17  Marine  
  129  9:18  Marine x2, SCV  
  129  9:19  Marine x4  
  129  9:20  SCV x2  
  129  9:23  Marauder  
  128  9:27  Widow Mine x2  
  128  9:30  SCV  
  131  9:35  SCV x2  
  131  9:37  Marine  
  134  9:41  Marine  
  134  9:42  SCV  
  134  9:43  Marine  
  134  9:44  Marine, Marauder  
  140  9:48  Marine  
  140  9:50  SCV  
  140  9:52  SCV  
  143  9:58  Marine x2  
  143  9:59  Marine  
  146  10:00  Widow Mine  
  146  10:01  Marine  
  146  10:07  Marine x4  
  149  10:13  Marine  
  153  10:16  Marine x3  
  153  10:19  Marine  
  154  10:21  Medivac x2  
  154  10:24  Marine x2  
  159  10:31  Marauder  
  159  10:32  Marine  
  159  10:34  Planetary Fortress  
  159  10:36  SCV x2  
  159  10:39  Marine  
  160  10:45  Marine  
  160  10:47  Widow Mine x2  
  160  10:53  Marauder  
  160  10:54  Marine x2  
  158  10:57  Marine  
  158  10:58  Marine  
  158  11:00  Medivac x2  
  158  11:03  Marine x2  
  159  11:05  SCV x3  
  161  11:11  Barracks, SCV  
  161  11:14  Marauder  
  161  11:15  Marine  
  161  11:17  SCV x2  
  167  11:21  Barracks  
  167  11:22  Marine x2  
  167  11:23  Barracks  
  169  11:28  Marine  
  169  11:32  Marine x3  
  156  11:33  Marine x2  
  156  11:34  Widow Mine  
  156  11:35  Marauder, Widow Mine x2  
  156  11:38  Medivac x2  
  161  11:40  Marine  
  161  11:44  Marine  
  161  11:46  Marine  
  161  11:49  Marine  
  161  11:50  Marine  
  161  11:53  Marine  
  164  11:55  SCV x2  
  164  11:57  Marauder  
  164  12:00  Widow Mine  
  171  12:03  Widow Mine  
  171  12:05  Supply Depot x2  
  171  12:06  Supply Depot  
  171  12:07  Widow Mine  
  172  12:09  Liberator x2  
  172  12:15  Refinery  
  172  12:16  Command Center, Refinery  
  172  12:18  Barracks Tech Lab x2  
  172  12:20  Marine  
  172  12:27  Marine x3, Marauder  
  180  12:30  Marine  
  180  12:32  Widow Mine x3  
  181  12:41  Marine x2  
  181  12:42  Marine, Marauder x2, Barracks Tech Lab  
  164  12:45  SCV x2  
  164  12:48  Marauder  
  164  12:50  Marine  
Show
View Real Time Build Order
Export as new Build Order

Stephano Zerg 

Build Orders: Hatch First 

Get SALT Encoding   

  12  0:00  Drone  
  13  0:12  Overlord  
  13  0:17  Drone  
  14  0:30  Drone x2  
  16  0:47  Hatchery  
  15  0:51  Drone  
  15  0:55  Drone  
  17  0:58  Drone  
  18  1:09  Extractor  
  17  1:13  Spawning Pool  
  17  1:16  Drone  
  17  1:20  Drone  
  18  1:28  Drone  
  19  1:38  Drone  
  20  1:49  Drone  
  21  1:59  Queen  
  21  2:00  Queen  
  21  2:01  Zergling x4  
  27  2:11  Overlord  
  27  2:13  Drone  
  28  2:20  Hatchery  
  27  2:24  Drone  
  28  2:31  Drone  
  28  2:35  Drone x2  
  31  2:39  Queen  
  33  2:47  Metabolic Boost  
  33  2:48  Overlord  
  33  2:53  Drone  
  33  2:55  Drone  
  33  2:56  Drone  
  36  3:09  Drone x4  
  40  3:13  Drone  
  40  3:18  Queen  
  43  3:20  Overlord  
  43  3:21  Drone  
  44  3:31  Queen  
  44  3:34  Overlord  
  46  3:35  Drone  
  46  3:36  Drone x2  
  46  3:41  Zergling x4  
  51  3:42  Drone  
  51  3:44  Drone x2  
  54  3:52  Drone x4  
  54  3:54  Drone x2  
  59  3:57  Queen  
  61  4:03  Drone, Evolution Chamber  
  61  4:05  Evolution Chamber  
  61  4:08  Overlord  
  60  4:11  Queen  
  60  4:12  Drone  
  60  4:16  Zergling x6  
  66  4:20  Overlord  
  66  4:25  Overlord  
  66  4:31  Queen  
  66  4:33  Zerg Ground Armor Level 1  
  66  4:35  Overlord  
  66  4:36  Drone x2  
  66  4:37  Drone  
  71  4:39  Zerg Melee Weapons Level 1  
  71  4:41  Drone  
  71  4:45  Drone x3  
  74  4:47  Spore Crawler  
  74  4:49  Spore Crawler  
  74  4:50  Drone x2  
  74  4:56  Drone x3  
  77  5:03  Zergling x2  
  77  5:04  Zergling x2  
  77  5:05  Drone x3  
  81  5:09  Drone x2  
  81  5:13  Drone x2, Extractor  
  84  5:15  Extractor  
  84  5:19  Drone x4  
  83  5:28  Overlord  
  83  5:30  Drone x5  
  83  5:33  Drone x2  
  89  5:39  Spore Crawler  
  86  5:46  Lair  
  86  5:48  Extractor  
  86  5:49  Zergling x4, Extractor  
  87  5:50  Zergling x2  
  87  5:53  Spore Crawler  
  86  5:59  Zergling x6  
  86  6:00  Zergling x6  
  86  6:01  Overlord  
  92  6:06  Overlord  
  92  6:10  Baneling Nest, Drone x3  
  94  6:13  Overlord  
  94  6:19  Drone x3  
  94  6:25  Hatchery  
  96  6:35  Zergling x18  
  105  6:44  Zerg Ground Armor Level 2  
  105  6:45  Zerg Melee Weapons Level 2  
  105  6:46  Zergling x4  
  107  6:56  Overlord  
  107  6:58  Centrifical Hooks, Spore Crawler  
  107  7:01  Zergling x14  
  107  7:03  Baneling x4  
  111  7:14  Zergling x14  
  106  7:29  Drone x8  
  114  7:33  Infestation Pit, Extractor  
  112  7:38  Baneling x5, Hatchery  
  112  7:41  Hatchery  
  112  7:43  Drone x4  
  110  7:55  Zergling x2  
  110  7:56  Zergling x22  
  110  8:03  Zergling x8  
  108  8:07  Zergling x2  
  108  8:09  Baneling  
  108  8:10  Baneling x5  
  108  8:12  Zergling x6  
  111  8:19  Zergling x2  
  112  8:21  Hive  
  112  8:25  Zergling x2  
  112  8:26  Zergling x4  
  115  8:33  Zergling x8  
  119  8:38  Zergling x18  
  119  8:40  Baneling x6  
  126  8:45  Zergling x2  
  126  8:46  Zergling x2  
  128  8:51  Zergling x2  
  128  8:52  Zergling x8  
  127  9:02  Zergling x2  
  127  9:03  Zergling x14  
  127  9:08  Zergling x2  
  127  9:09  Spawning Pool  
  108  9:28  Baneling x18  
  107  9:33  Drone x5  
  112  9:38  Ultralisk Cavern  
  108  9:49  Overlord  
  106  9:56  Zergling x48  
  130  10:07  Spore Crawler x2  
  129  10:08  Zergling x24  
  129  10:10  Spore Crawler  
  138  10:15  Zergling x4  
  138  10:20  Spore Crawler  
  139  10:21  Zergling x8  
  134  10:30  Chitinous Plating, Baneling x4  
  134  10:33  Zerg Melee Weapons Level 3, Zerg Ground Armor Level 3, Overlord  
  136  10:35  Ultralisk  
  136  10:36  Ultralisk  
  136  10:41  Drone x3  
  136  10:42  Overlord x2, Drone  
  137  10:55  Ultralisk  
  136  10:59  Drone x6  
  136  11:00  Drone  
  139  11:12  Spire  
  139  11:14  Zergling x16  
  143  11:28  Zergling x24  
  143  11:29  Overseer  
  120  11:42  Overseer  
  118  11:47  Drone x6  
  118  11:49  Anabolic Synthesis  
  123  12:04  Overlord  
  123  12:06  Zergling x2  
  123  12:07  Zergling x32  
  140  12:14  Baneling x4  
  140  12:15  Baneling  
  137  12:23  Baneling x7  
  127  12:30  Hatchery  
  127  12:31  Zergling x20  
  105  12:50  Zergling x2  
  105  12:51  Zergling x6  
  108  12:53  Baneling  
  108  12:54  Baneling x3  
Tags
 
Add a new tag
Caveats
  • Supply blocks, unpowered buildings, or Contaminate may cause inaccurate times.
  • Supply counts are checked every 10 seconds.